[Event "Titled Tuesday Blitz February 01 B 2022"]
[White "Golubka, Petro"]
[Black "Jobava, Baadur"]
[WhiteFideId "14114224"]
[BlackFideId "13601520"]
[WhiteElo "2392"]
[BlackElo "2617"]
[Result "0-1"]
[Round "06"]
[TimeControl "180+1"]
[Date "2022.02.01"]
[WhiteClock "0:00:53"]
[BlackClock "0:00:44"]

1. a3 d5 2. h3 e5 3. g3 c5 4. Bg2 Nc6 5. b3 f5 6. Bb2 Nf6 7. d3 Bd6 8. e3 O-O 9. Nd2 Kh8 10. Ne2 f4 11. c4 fxe3 12. fxe3 d4 13. e4 a5 14. Nf3 a4 15. bxa4 Qa5+ 16. Qd2 Qxd2+ 17. Kxd2 Rxa4 18. g4 Kg8 19. Rhf1 Bd7 20. Nh4 g6 21. g5 Ne8 22. Rxf8+ Bxf8 23. Nf3 Nd6 24. Kc2 Be6 25. Nd2 Be7 26. h4 Bd8 27. Nb3 b6 28. Nec1 h6 29. gxh6 Bxh4 30. Nd2 Bg5 31. Ncb3 Bxh6 32. Rh1 Kg7 33. Bh3 Bxh3 34. Rxh3 Bxd2 35. Kxd2 Ra8 36. Bc1 Rh8 37. Rg3 Rh2+ 38. Kd1 Rh1+ 39. Kc2 Rh2+ 40. Kd1 Nd8 41. Bg5 Ne6 42. Bd2 Rh1+ 43. Kc2 Rh2 44. Kd1 Nf4 45. a4 Ne2 46. Rf3 Nc3+ 47. Bxc3 dxc3 48. Kc1 Rb2 49. Na1 Ra2 50. Nb3 Nb7 51. Rg3 Rxa4 52. Kc2 Ra3 53. Rg5 Kf6 54. Rg3 Na5 55. Nxa5 bxa5 56. Rf3+ Ke7 57. Rg3 Kf6 58. Rf3+ Kg7 59. Rg3 a4 60. Rg5 Kf6 61. Rg3 Rb3 62. Rf3+ Kg7 63. Rg3 Rb8 64. Rg1 a3 65. Ra1 Ra8 66. Kxc3 a2 67. Kb2 g5 68. Rg1 a1=Q+ 69. Rxa1 Rxa1 70. Kxa1 g4 0-1


[Site "https://www.chess.com"]

[Event "Titled Tuesday Blitz February 01 B 2022"]
[White "Grigoriants, Sergey"]
[Black "Kosakowski, Jakub"]
[WhiteFideId "4130804"]
[BlackFideId "1185080"]
[WhiteElo "2502"]
[BlackElo "2476"]
[Result "1/2-1/2"]
[Round "06"]
[TimeControl "180+1"]
[Date "2022.02.01"]
[WhiteClock "0:00:05"]
[BlackClock "0:00:10"]

1. e4 g6 2. d4 Bg7 3. Nf3 d6 4. Bc4 Nf6 5. Qe2 O-O 6. O-O c6 7. Bb3 a5 8. a4 d5 9. e5 Ne4 10. Ng5 Nxg5 11. Bxg5 c5 12. dxc5 Nc6 13. Rd1 Be6 14. f4 d4 15. Nd2 Nb4 16. Bxe6 fxe6 17. Nf3 d3 18. Qe4 Qc7 19. cxd3 Nd5 20. g3 Qxc5+ 21. d4 Qb4 22. Qe2 Rac8 23. Qb5 Rc2 24. Qxb4 axb4 25. Rd2 Rfc8 26. b3 Kf7 27. a5 h6 28. Bh4 R8c3 29. Rxc2 Rxc2 30. a6 bxa6 31. Rxa6 Ne3 32. Ne1 Rc1 33. Kf2 Nf5 34. Ra7 Bf8 35. Rb7 Rb1 36. Rxb4 Rb2+ 37. Kf3 Rxh2 38. Ng2 Rh1 39. Rb7 Rd1 40. g4 Nxd4+ 41. Ke3 Nc2+ 42. Ke2 Rb1 43. Kf3 Nd4+ 44. Ke4 Nxb3 45. Ne3 Nc5+ 46. Kd4 Nxb7 47. Nc4 Re1 48. Bxe1 g5 49. fxg5 hxg5 50. Bd2 Nd8 51. Kc5 Kg6 52. Kb6 Bg7 53. Kc7 Nf7 54. Bc3 Nh6 55. Ne3 Nf7 56. Nc4 Nh6 57. Ne3 Nf7 58. Nc4 1/2-1/2


[Site "https://www.chess.com"]

[Event "Titled Tuesday Blitz February 01 B 2022"]
[White "Hakobyan, Aram"]
[Black "Warmerdam, Max"]
[WhiteFideId "13306677"]
[BlackFideId "1048104"]
[WhiteElo "2557"]
[BlackElo "2537"]
[Result "1/2-1/2"]
[Round "06"]
[TimeControl "180+1"]
[Date "2022.02.01"]
[WhiteClock "0:00:08"]
[BlackClock "0:00:09"]

1. b3 d5 2. Bb2 Bg4 3. Nf3 Bxf3 4. exf3 e6 5. g3 h5 6. h4 Nf6 7. Bg2 g6 8. O-O Bg7 9. d4 O-O 10. Nd2 a5 11. c4 c6 12. a4 Na6 13. f4 Nb4 14. Nf3 Ne4 15. Qe2 Nd6 16. Ne5 Nf5 17. Rfd1 Qe7 18. Rac1 Rfd8 19. c5 Qc7 20. Bc3 Rab8 21. Bh3 Ra8 22. Re1 Rdb8 23. Qd2 b6 24. Bxb4 axb4 25. cxb6 Rxb6 26. Bxf5 exf5 27. Rc2 Kh7 28. Rec1 Raa6 29. Kg2 Bf8 30. Qe2 Qb7 31. a5 Rxa5 32. Rxc6 Rxc6 33. Rxc6 Bg7 34. Qc2 Ra1 35. Qc5 Bxe5 36. fxe5 Ra7 37. Rc8 Qe7 38. Qxe7 Rxe7 39. Rb8 Rc7 40. Rxb4 Rc3 41. Rb7 Kg8 42. Rb5 Kf8 43. Kf1 Ke7 44. Ke2 Ke6 45. Rb6+ Ke7 46. b4 Rc4 47. Kd3 Rc1 48. b5 Rb1 49. Kc2 Rb4 50. Kc3 Rb1 51. Rb8 Kd7 52. b6 Kc6 53. Rc8+ Kb7 54. Rc7+ Kxb6 55. Rxf7 Rf1 56. Rf6+ Kb5 57. Kd3 Rxf2 58. e6 Kc6 59. Rxg6 Kd6 60. Ke3 Rf1 61. Rg5 Kxe6 62. Rxh5 Re1+ 63. Kf3 Re4 64. Rh6+ Kf7 65. Rd6 Rxd4 66. Ke3 Rg4 67. Kf3 d4 68. h5 Kg7 69. h6+ Kh7 70. Kf2 Rg6 71. Rxd4 Kxh6 72. Rd5 Kg5 73. Kf3 Ra6 74. Rd3 Ra4 75. Rc3 Rb4 76. Rd3 Ra4 77. Rb3 Rc4 78. Kg2 Rc2+ 79. Kh3 Rc1 80. Rb8 Rh1+ 81. Kg2 Ra1 82. Rg8+ Kf6 83. Kf3 Ra3+ 84. Kg2 Ra1 85. Rc8 Ra2+ 86. Kf3 Ra3+ 87. Kg2 Ra2+ 88. Kh3 Ra1 89. Rg8 Rh1+ 90. Kg2 Ra1 1/2-1/2


[Site "https://www.chess.com"]

[Event "Titled Tuesday Blitz February 01 B 2022"]
[White "Hess, Robert"]
[Black "Deac, Bogdan-Daniel"]
[WhiteFideId "2022036"]
[BlackFideId "1226380"]
[WhiteElo "2557"]
[BlackElo "2646"]
[Result "0-1"]
[Round "06"]
[TimeControl "180+1"]
[Date "2022.02.01"]
[WhiteClock "0:00:07"]
[BlackClock "0:00:07"]

1. b3 Nf6 2. Bb2 g6 3. e3 Bg7 4. Ne2 b6 5. d3 O-O 6. Nd2 Bb7 7. a3 c5 8. h3 Qc7 9. Nf3 d6 10. c4 Nbd7 11. Qc2 a6 12. Nc3 b5 13. Be2 Bc6 14. O-O Qb7 15. Rfb1 Rab8 16. cxb5 axb5 17. b4 Qa8 18. a4 bxa4 19. Nxa4 Rxb4 20. Nxc5 Qc8 21. Nxd7 Qxd7 22. Nd4 Ba8 23. Bc3 Rxb1+ 24. Rxb1 Rc8 25. Qd2 e5 26. Nb5 Bc6 27. Na3 Bxg2 28. Kxg2 Qc6+ 29. Kg1 Qxc3 30. Qxc3 Rxc3 31. Rb8+ Bf8 32. Nb5 Rc2 33. Bf3 Rb2 34. Rb7 d5 35. Nd6 Rxb7 36. Nxb7 Bb4 37. d4 exd4 38. exd4 Kf8 39. Kf1 Ke8 40. Ke2 Kd7 41. Nc5+ Bxc5 42. dxc5 Kc6 43. Ke3 Kxc5 44. Kf4 h6 45. Ke5 Nd7+ 46. Kf4 Kd6 47. h4 Ne5 48. Be2 Ke6 49. Bf1 Kf6 50. Ke3 Ng4+ 51. Ke2 Ke5 52. Bh3 h5 53. f3 Nh6 54. Ke3 Nf5+ 55. Kd3 Nxh4 56. Ke3 Nf5+ 57. Kd3 Kf4 58. Bg2 Nh4 59. Bh1 Nxf3 60. Ke2 Nd4+ 61. Kd3 Ke5 62. Bg2 Ne6 63. Ke3 g5 64. Kf3 Nd4+ 65. Ke3 Nf5+ 66. Kd3 g4 67. Bf1 Kf4 0-1


[Site "https://www.chess.com"]

[Event "Titled Tuesday Blitz February 01 B 2022"]
[White "Ibarra Jerez, Jose Carlos"]
[Black "Lopez Mulet, Inigo"]
[WhiteFideId "2226332"]
[BlackFideId "22235620"]
[WhiteElo "2626"]
[BlackElo "2315"]
[Result "1-0"]
[Round "06"]
[TimeControl "180+1"]
[Date "2022.02.01"]
[WhiteClock "0:00:21"]
[BlackClock "0:00:14"]

1. e4 c5 2. Nf3 Nc6 3. d4 cxd4 4. Nxd4 g6 5. Nc3 Bg7 6. Be3 Nf6 7. Bc4 O-O 8. Bb3 d6 9. f3 Bd7 10. h4 Nxd4 11. Bxd4 b5 12. h5 b4 13. Nd5 e5 14. Be3 Nxd5 15. Bxd5 Rc8 16. hxg6 hxg6 17. Qd2 a5 18. Bh6 Bf6 19. g4 Bh4+ 20. Kd1 Qf6 21. Qe3 g5 22. Bxf8 Kxf8 23. a3 bxa3 24. Rxa3 a4 25. Rc3 Rxc3 26. Qxc3 Kg7 27. Kc1 Qf4+ 28. Kb1 Qg3 29. Rd1 Bb5 30. Qe3 Qg2 31. c4 Bd7 32. Rd3 Bg3 33. Ka2 Qf1 34. Qxg5+ Kf8 35. Qd8+ Be8 36. Rc3 Be1 37. Qxd6+ Kg8 38. Rc1 Qxf3 39. Rxe1 Qb3+ 40. Ka1 a3 41. Qxa3 Qc2 42. Qc3 Qf2 43. Kb1 Ba4 44. Rc1 Qc5 45. Qxe5 Bb3 46. Bxf7+ 1-0


[Site "https://www.chess.com"]

[Event "Titled Tuesday Blitz February 01 B 2022"]
[White "Isajevsky, Anton"]
[Black "Sadhwani, Raunak"]
[WhiteFideId "4142500"]
[BlackFideId "35093487"]
[WhiteElo "2510"]
[BlackElo "2616"]
[Result "0-1"]
[Round "06"]
[TimeControl "180+1"]
[Date "2022.02.01"]
[WhiteClock "0:00:05"]
[BlackClock "0:00:12"]

1. c4 Nf6 2. Nc3 g6 3. g3 Bg7 4. Bg2 O-O 5. e3 e5 6. Nge2 d6 7. O-O Nc6 8. d3 Be6 9. Nd5 Qd7 10. Rb1 Bh3 11. b4 Nxd5 12. cxd5 Bxg2 13. Kxg2 Ne7 14. e4 f5 15. Rb3 f4 16. gxf4 Qg4+ 17. Ng3 Qxd1 18. Rxd1 exf4 19. Nf1 g5 20. f3 Ng6 21. Bb2 Rf7 22. h3 h5 23. Nh2 Kh7 24. Bxg7 Kxg7 25. d4 Re8 26. Rc1 Ree7 27. b5 Kf6 28. Ra3 b6 29. Rc6 Kg7 30. Rxa7 Rd7 31. a4 Rfe7 32. a5 bxa5 33. Rxa5 Rd8 34. Nf1 g4 35. hxg4 hxg4 36. fxg4 Rxe4 37. Rxc7+ Kh6 38. b6 Rf8 39. Kf2 Rxd4 40. Rb5 Re4 41. b7 Ree8 42. Rb6 f3 43. Rxd6 Re2+ 44. Kg3 Rg2+ 45. Kh3 Rh8 46. Ng3 Kg5+ 47. Nh5 Nf4# 0-1


[Site "https://www.chess.com"]

[Event "Titled Tuesday Blitz February 01 B 2022"]
[White "Kamsky, Gata"]
[Black "Loay, Sameer"]
[WhiteFideId "2000024"]
[BlackFideId "8104239"]
[WhiteElo "2645"]
[BlackElo "2040"]
[Result "1/2-1/2"]
[Round "06"]
[TimeControl "180+1"]
[Date "2022.02.01"]
[WhiteClock "0:00:11"]
[BlackClock "0:00:07"]

1. d4 Nf6 2. Nf3 g6 3. c3 Bg7 4. Bg5 O-O 5. Nbd2 h6 6. Bh4 d6 7. e4 Nc6 8. Bd3 e5 9. h3 g5 10. Bg3 Nh5 11. dxe5 Nxg3 12. fxg3 Nxe5 13. Nxe5 Bxe5 14. Qf3 Qf6 15. Qe3 Be6 16. Nc4 Bxc3+ 17. bxc3 Qxc3+ 18. Kf2 Bxc4 19. Bxc4 Qxc4 20. Rhc1 Qe6 21. h4 g4 22. Rab1 c6 23. Rxb7 c5 24. Kg1 Rae8 25. Kh2 Qxa2 26. Qxh6 Qe6 27. Qg5+ Kh7 28. Rxa7 Qxe4 29. Rd1 Re6 30. Rd7 Qg6 31. Qxg6+ Kxg6 32. R1xd6 Rc8 33. Rd5 f6 34. Rd3 c4 35. Rc3 Kf5 36. Rd4 Rec6 37. Rf4+ Ke5 38. Rxg4 f5 39. Rf4 Rc5 40. h5 Rh8 41. Rh4 Kf6 42. Kh3 Kg5 43. Rcxc4 Rxc4 44. Rxc4 Rxh5+ 45. Rh4 Kg6 46. Kh2 Kg5 47. Rxh5+ Kxh5 48. Kg1 Kg4 49. Kf2 f4 50. gxf4 Kxf4 51. Ke2 Kg3 52. Kf1 Kg4 53. Kf2 Kf4 54. g4 Kxg4 1/2-1/2


[Site "https://www.chess.com"]

[Event "Titled Tuesday Blitz February 01 B 2022"]
[White "Kollars, Dmitrij"]
[Black "Janaszak, Dawid"]
[WhiteFideId "12909572"]
[BlackFideId "1119206"]
[WhiteElo "2584"]
[BlackElo "2199"]
[Result "1-0"]
[Round "06"]
[TimeControl "180+1"]
[Date "2022.02.01"]
[WhiteClock "0:00:07"]
[BlackClock "0:00:02"]

1. c4 g6 2. d4 Bg7 3. Nc3 Nf6 4. e4 d6 5. h3 O-O 6. Be3 a6 7. Nf3 c5 8. dxc5 Qa5 9. Qa4 Qxa4 10. Nxa4 Nxe4 11. cxd6 Nd7 12. Bd3 Nxd6 13. O-O b5 14. cxb5 axb5 15. Nc3 Nc4 16. Bc1 Ba6 17. Nd5 Nxb2 18. Bxb2 Bxb2 19. Rab1 Bf6 20. Rfe1 Nc5 21. Bxb5 Bxb5 22. Rxb5 Ne6 23. Re2 Ra3 24. Rb3 Rfa8 25. Rxa3 Rxa3 26. Rc2 Kg7 27. Kf1 h6 28. Rd2 Ra7 29. Ke2 Nc5 30. Nxf6 Kxf6 31. Rc2 Ne6 32. Rb2 Ra3 33. g3 h5 34. h4 Nc5 35. Rc2 Ne4 36. Nd2 Nxd2 37. Kxd2 Ke5 38. Kc1 f5 39. Kb2 Ra8 40. Re2+ Kd6 41. f4 Rb8+ 42. Ka1 Rc8 43. Re3 Rc1+ 44. Kb2 Rc8 45. a4 Ra8 46. Ka3 Rc8 47. a5 Rc7 48. Kb4 Rb7+ 49. Ka4 Rb1 50. Rc3 Ra1+ 51. Kb4 e5 52. fxe5+ Kxe5 53. Kb5 Kd4 54. Rc4+ Kd5 55. Rc5+ Kd4 56. Rc4+ Kd5 57. Ra4 Rb1+ 58. Rb4 Ra1 59. a6 f4 60. Rxf4 Ke5 61. Ra4 Rb1+ 62. Rb4 Ra1 63. Kb6 Kf5 64. a7 1-0


[Site "https://www.chess.com"]

[Event "Titled Tuesday Blitz February 01 B 2022"]
[White "Lenderman, Aleksandr"]
[Black "Bodnar, Nikolay"]
[WhiteFideId "2021285"]
[BlackFideId "14106469"]
[WhiteElo "2651"]
[BlackElo "2296"]
[Result "1-0"]
[Round "06"]
[TimeControl "180+1"]
[Date "2022.02.01"]
[WhiteClock "0:01:37"]
[BlackClock "0:00:10"]

1. d4 Nf6 2. c4 e6 3. Nf3 d5 4. Nc3 Bb4 5. e3 O-O 6. Bd3 dxc4 7. Bxc4 c5 8. O-O cxd4 9. exd4 b6 10. Ne5 Bb7 11. Bg5 Nbd7 12. Qe2 Bxc3 13. bxc3 Qc7 14. Rac1 Nxe5 15. dxe5 Ne4 16. Bf4 Rfd8 17. Bd3 Qc6 18. f3 Nc5 19. Bb1 Ba6 20. c4 Qa4 21. Be3 Rac8 22. Rc3 Nd7 23. Bg5 Re8 24. Rfc1 Qa5 25. Qd3 Nf8 26. f4 Bb7 27. Qg3 Qc5+ 28. Kh1 Ng6 29. h4 h6 30. Bxh6 gxh6 31. Bxg6 fxg6 32. Qxg6+ 1-0


[Site "https://www.chess.com"]

[Event "Titled Tuesday Blitz February 01 B 2022"]
[White "Muradli, Mahammad"]
[Black "Wagner, Dennis"]
[WhiteFideId "13409301"]
[BlackFideId "24650684"]
[WhiteElo "2645"]
[BlackElo "2355"]
[Result "1-0"]
[Round "06"]
[TimeControl "180+1"]
[Date "2022.02.01"]
[WhiteClock "0:00:07"]
[BlackClock "0:00:11"]

1. Nf3 Nf6 2. c4 e6 3. e3 d5 4. b3 c5 5. Bb2 Nc6 6. cxd5 exd5 7. Bb5 Bd6 8. O-O O-O 9. d4 cxd4 10. Bxc6 bxc6 11. exd4 Bg4 12. h3 Bh5 13. Nbd2 Re8 14. Rc1 Qd7 15. Re1 Bf4 16. Rxe8+ Rxe8 17. Qc2 Bxf3 18. Nxf3 Bxc1 19. Bxc1 Qd6 20. Be3 Nd7 21. Ne1 Qg6 22. Nd3 c5 23. dxc5 Ne5 24. Nb4 Qxc2 25. Nxc2 Nc6 26. Kf1 f5 27. g3 Kf7 28. Na3 d4 29. Bf4 Ke6 30. Nb5 Kd7 31. Nd6 Re4 32. Nxf5 d3 33. Nd6 Re6 34. Be3 Nb4 35. Ke1 Nxa2 36. Kd2 Nb4 37. Nb5 a5 38. Nd4 Re4 39. Nf5 g6 40. Nd6 Re6 41. Nc4 Ra6 42. h4 Ke6 43. Nb6 Ra7 44. Kc3 Nd5+ 45. Kxd3 Nb4+ 46. Kc4 Rc7 47. Kb5 Nd3 48. Kxa5 Nxc5 49. b4 Ne4 50. Kb5 Nd6+ 51. Ka6 Rc2 52. Na4 Ra2 53. Ka5 Nc4+ 54. Kb5 Nd6+ 55. Ka5 Kd5 56. b5 Nc4+ 57. Kb4 Nxe3 58. Nc3+ Kd6 59. Nxa2 Nd5+ 60. Ka5 Kc7 61. Nb4 Nb6 62. Ka6 Nc4 63. Nd5+ Kd6 64. b6 Nxb6 65. Nxb6 Ke5 66. Nc4+ Ke4 67. Nd2+ Kd3 68. f4 Kxd2 69. g4 Ke3 70. f5 g5 71. hxg5 h5 72. gxh6 Kf4 73. h7 Kg5 74. h8=Q Kxg4 75. f6 1-0


[Site "https://www.chess.com"]

[Event "Titled Tuesday Blitz February 01 B 2022"]
[White "Niemann, Hans Moke"]
[Black "Blohberger, Felix"]
[WhiteFideId "2093596"]
[BlackFideId "1632051"]
[WhiteElo "2636"]
[BlackElo "2474"]
[Result "1/2-1/2"]
[Round "06"]
[TimeControl "180+1"]
[Date "2022.02.01"]
[WhiteClock "0:00:47"]
[BlackClock "0:00:05"]

1. d4 Nf6 2. Nc3 d5 3. Bf4 c5 4. e4 Nxe4 5. Nxe4 dxe4 6. dxc5 Qa5+ 7. c3 Qxc5 8. Qa4+ Nc6 9. Qxe4 Bf5 10. Qe3 e6 11. Nf3 Be7 12. Be2 O-O 13. O-O Rfd8 14. Rfd1 h6 15. h3 a6 16. a4 Bc2 17. Rdc1 Bf5 18. Rd1 Bc2 19. Rd2 Qxe3 20. Bxe3 Rxd2 21. Nxd2 Rd8 22. Kf1 Bd3 23. Bxd3 Rxd3 24. Ke2 Rd8 25. Nc4 f6 26. b4 Rc8 27. Nb6 Rc7 28. Na8 Rc8 29. Nb6 Rc7 30. b5 Ne5 31. f4 Nc4 32. Nxc4 Rxc4 33. Kd3 Rc7 34. Rb1 axb5 35. axb5 Kf7 36. Ra1 Bc5 37. Bxc5 Rxc5 38. c4 Rc7 39. Ra7 Ke7 40. Kd4 Kd6 41. b6 Rd7 42. Ra8 Kc6+ 43. Kc3 Kxb6 44. Re8 Rd6 45. Re7 g5 46. Rf7 f5 47. fxg5 hxg5 48. Rg7 Kc5 49. Rc7+ Rc6 50. Rxb7 Kd6 51. Kb4 Ke5 52. c5 Rc8 53. Kb5 g4 54. hxg4 fxg4 55. c6 Kf4 56. Rd7 Kg3 57. Rd2 e5 58. Re2 Kf4 59. Kb6 e4 60. Kb7 Re8 61. c7 e3 62. c8=Q Rxc8 63. Kxc8 Ke4 64. Kd7 Kd3 65. Re1 Kd2 66. Ra1 e2 67. Ra2+ Ke3 68. Ra1 Kf2 69. Ke6 g3 70. Kf5 Kxg2 71. Kg4 Kf2 72. Kh3 g2 73. Kh2 e1=Q 74. Rxe1 Kxe1 75. Kxg2 1/2-1/2


[Site "https://www.chess.com"]

[Event "Titled Tuesday Blitz February 01 B 2022"]
[White "Novikov, Evgenij"]
[Black "Naroditsky, Daniel"]
[WhiteFideId "4125380"]
[BlackFideId "2026961"]
[WhiteElo "2242"]
[BlackElo "2608"]
[Result "0-1"]
[Round "06"]
[TimeControl "180+1"]
[Date "2022.02.01"]
[WhiteClock "0:00:06"]
[BlackClock "0:01:34"]

1. d4 Nf6 2. Nf3 g6 3. c4 Bg7 4. Nc3 O-O 5. e4 d6 6. Be2 e5 7. d5 Nh5 8. O-O Nf4 9. Ne1 Nxe2+ 10. Qxe2 f5 11. exf5 gxf5 12. f4 e4 13. Be3 Nd7 14. Nc2 Nc5 15. Bd4 Rf7 16. Kh1 Bd7 17. Rad1 Bxd4 18. Rxd4 Qf6 19. Qe3 Rg7 20. Ne1 a5 21. b3 Kh8 22. Nb5 Bxb5 23. cxb5 Rag8 24. Rf2 Qh4 25. Rdd2 h6 26. Qd4 Kh7 27. Rde2 Rg4 28. Qd2 R8g7 29. Qe3 Rg3 30. Qd2 e3 31. Rxe3 Rxe3 32. Qxe3 Re7 33. g3 Rxe3 34. gxh4 Rxe1+ 35. Kg2 Kg6 36. Kf3 Rd1 37. Re2 Rd3+ 38. Kg2 Ne4 39. Rc2 Rd2+ 40. Rxd2 Nxd2 0-1


[Site "https://www.chess.com"]

[Event "Titled Tuesday Blitz February 01 B 2022"]
[White "Praggnanandhaa R"]
[Black "Kobalia, Mikhail"]
[WhiteFideId "25059530"]
[BlackFideId "4119150"]
[WhiteElo "2599"]
[BlackElo "2667"]
[Result "1-0"]
[Round "06"]
[TimeControl "180+1"]
[Date "2022.02.01"]
[WhiteClock "0:00:11"]
[BlackClock "0:00:02"]

1. Nf3 d5 2. e3 Nf6 3. c4 c6 4. d4 Bf5 5. Nc3 e6 6. Nh4 Bg6 7. Qb3 Qc7 8. Nxg6 hxg6 9. g3 Nbd7 10. Bg2 Be7 11. O-O O-O 12. Bd2 Nb6 13. cxd5 exd5 14. Rfc1 Nc4 15. Be1 Qd7 16. e4 Rfd8 17. exd5 cxd5 18. Nxd5 Nxd5 19. Rxc4 Nb6 20. Rcc1 Qxd4 21. a4 Rab8 22. a5 Nd7 23. Rd1 Nc5 24. Qc2 Qg4 25. b4 Ne6 26. h3 Qh5 27. Bc3 Rxd1+ 28. Qxd1 Rc8 29. Qxh5 gxh5 30. Be1 Rc7 31. h4 Nd4 32. Rd1 Bf6 33. Kf1 b6 34. a6 Nc2 35. Bd2 Rd7 36. Bf3 g6 37. b5 Rd6 38. Bf4 Rxd1+ 39. Bxd1 Nd4 40. Bb8 Bd8 41. Ba4 Ne6 42. Bb3 Bc7 43. Bxa7 Nc5 44. Bc4 Kg7 45. Ke2 f5 46. Ke3 Kf6 47. Kd4 Ne4 48. Kd5 Nxf2 49. Kc6 1-0


[Site "https://www.chess.com"]

[Event "Titled Tuesday Blitz February 01 B 2022"]
[White "Ramirez, Alejandro"]
[Black "Nesterov, Arseniy"]
[WhiteFideId "6500617"]
[BlackFideId "24198455"]
[WhiteElo "2694"]
[BlackElo "2489"]
[Result "0-1"]
[Round "06"]
[TimeControl "180+1"]
[Date "2022.02.01"]
[WhiteClock "0:00:26"]
[BlackClock "0:00:56"]

1. Nf3 d5 2. c4 c6 3. e3 Nf6 4. Nc3 e6 5. Qc2 Bd6 6. b3 O-O 7. Bb2 e5 8. cxd5 cxd5 9. Nb5 Nc6 10. Nxd6 Qxd6 11. Bb5 Nb4 12. Qb1 Qc5 13. Be2 Nc2+ 14. Kd1 Nxa1 15. Qxa1 Ne4 16. Rf1 f6 17. d4 exd4 18. Bxd4 Qa5 19. Qb2 Bg4 20. h3 Bh5 21. g4 Bg6 22. Nh4 Rac8 23. Nxg6 hxg6 24. Bd3 Nc3+ 25. Kd2 Na4+ 26. b4 Nxb2 27. bxa5 Nxd3 28. Kxd3 a6 29. Rb1 Rf7 30. h4 Rc4 31. f3 Ra4 32. Bb6 Re7 33. Rb2 Ra3+ 34. Kd2 Rd7 35. Ke2 Kf7 36. Rc2 Ke6 37. Kf2 Rd6 38. Rc7 Rxa2+ 39. Kg3 Rd7 40. Rc8 Kf7 41. Kf4 Ra4+ 42. Kg3 Rc4 43. Rb8 Rc6 44. Kf4 Re6 45. Bc5 Re8 0-1


[Site "https://www.chess.com"]

[Event "Titled Tuesday Blitz February 01 B 2022"]
[White "Rustemov, Alexander"]
[Black "Xiong, Jeffery"]
[WhiteFideId "4119002"]
[BlackFideId "2047640"]
[WhiteElo "2783"]
[BlackElo "2727"]
[Result "0-1"]
[Round "06"]
[TimeControl "180+1"]
[Date "2022.02.01"]
[WhiteClock "0:00:02"]
[BlackClock "0:00:51"]

1. d4 Nf6 2. c4 e6 3. Nf3 d5 4. g3 c6 5. Nbd2 Be7 6. Bg2 O-O 7. O-O Nbd7 8. Qc2 b6 9. e4 dxc4 10. Nxc4 Bb7 11. Rd1 c5 12. e5 Nd5 13. dxc5 Nxc5 14. h4 h6 15. b3 Rc8 16. Bb2 b5 17. Nd6 Bxd6 18. exd6 Na4 19. Qd2 Nxb2 20. Qxb2 Qxd6 21. a3 Rc7 22. b4 Rfc8 23. Rac1 Rxc1 24. Rxc1 Rxc1+ 25. Qxc1 Nb6 26. Qc3 Nc4 27. Nd4 Bxg2 28. Kxg2 a6 29. Kg1 Qe5 30. a4 Qd5 31. axb5 axb5 32. Nc2 e5 33. Ne3 Nxe3 34. Qxe3 Kf8 35. Qb6 Ke7 36. Qc7+ Kf6 37. Qb6+ Kf5 38. Qc7 Kg4 39. Qc8+ f5 40. Qc7 Kh3 41. Qc1 Qg2# 0-1


[Site "https://www.chess.com"]

[Event "Titled Tuesday Blitz February 01 B 2022"]
[White "Senthil Maran K"]
[Black "Sjugirov, Sanan"]
[WhiteFideId "25035681"]
[BlackFideId "4189302"]
[WhiteElo "2194"]
[BlackElo "2602"]
[Result "0-1"]
[Round "06"]
[TimeControl "180+1"]
[Date "2022.02.01"]
[WhiteClock "0:00:09"]
[BlackClock "0:00:19"]

1. d4 Nf6 2. Nf3 g6 3. g3 Bg7 4. Bg2 O-O 5. O-O d6 6. c4 c6 7. Nc3 Bf5 8. Re1 Ne4 9. Nxe4 Bxe4 10. Bh3 Bxf3 11. exf3 d5 12. Bg5 Re8 13. cxd5 cxd5 14. Qb3 Nc6 15. Qxb7 Nxd4 16. Kg2 f6 17. Be3 Nc2 18. Be6+ Kh8 19. Bxd5 Rb8 20. Qc6 Nb4 21. Qc4 Qxd5 22. Qxd5 Nxd5 23. Bxa7 Rxb2 24. Rad1 Rxa2 25. Bc5 Nc3 26. Rd3 Re2 27. Rxe2 Nxe2 28. Re3 Nc1 29. Rxe7 Rxe7 30. Bxe7 f5 31. f4 Nd3 32. Kf3 Kg8 33. Ke3 Nb2 34. Bb4 Kf7 35. Ke2 Ke6 36. h3 Kd5 37. g4 Nc4 38. Kf3 Bd4 39. Kg3 Bf6 40. Be1 Ke4 41. f3+ Kd3 42. Bf2 Ke2 43. h4 Nd2 44. h5 Nxf3 45. hxg6 hxg6 46. gxf5 gxf5 47. Bc5 Bh4+ 48. Kg2 Be1 49. Kh3 Bd2 50. Kg3 Ne1 51. Kh4 Kd3 52. Kg5 Ke4 53. Bd6 Nd3 54. Bc7 Bxf4+ 55. Kf6 Bxc7 56. Kg5 f4 57. Kg4 f3 58. Kh3 Ke3 59. Kg4 f2 60. Kh4 f1=Q 61. Kg5 Qf4+ 62. Kh5 Qg3 0-1


[Site "https://www.chess.com"]

[Event "Titled Tuesday Blitz February 01 B 2022"]
[White "Shirov, Alexei"]
[Black "Mladenovic, Stefan"]
[WhiteFideId "2209390"]
[BlackFideId "942227"]
[WhiteElo "2645"]
[BlackElo "2355"]
[Result "0-1"]
[Round "06"]
[TimeControl "180+1"]
[Date "2022.02.01"]
[WhiteClock "0:00:01"]
[BlackClock "0:00:14"]

1. e4 c5 2. Nf3 d6 3. d4 cxd4 4. Nxd4 Nf6 5. Nc3 g6 6. Be3 Bg7 7. f3 O-O 8. Qd2 Nc6 9. O-O-O Bd7 10. g4 Ne5 11. h4 Rc8 12. Be2 Qa5 13. Nb3 Qc7 14. h5 b5 15. hxg6 fxg6 16. g5 b4 17. Nb5 Bxb5 18. gxf6 Bxe2 19. Qxe2 Rxf6 20. f4 Nc4 21. Bd4 Rxf4 22. Bxg7 Kxg7 23. Qh2 e5 24. Nd4 exd4 25. Qxf4 Ne3 26. Rd2 Nxc2 27. Kb1 Ne3 28. Qh6+ Kg8 29. Rdh2 Re8 30. Qxh7+ Qxh7 31. Rxh7 Rxe4 32. Rxa7 d3 33. Kc1 Rd4 34. Rh2 Nc4 35. Ra8+ Kf7 36. Rf2+ Ke6 37. Re8+ Kd5 38. Kd1 d2 0-1


[Site "https://www.chess.com"]

[Event "Titled Tuesday Blitz February 01 B 2022"]
[White "Steinberg, Nitzan"]
[Black "Koutlas, Nikolaos"]
[WhiteFideId "2801795"]
[BlackFideId "25827138"]
[WhiteElo "2440"]
[BlackElo "1610"]
[Result "1-0"]
[Round "06"]
[TimeControl "180+1"]
[Date "2022.02.01"]
[WhiteClock "0:00:49"]
[BlackClock "0:00:03"]

1. d4 Nf6 2. Nf3 d5 3. c4 e6 4. Nc3 dxc4 5. e3 a6 6. a4 c5 7. Bxc4 Nbd7 8. O-O cxd4 9. exd4 Nb6 10. Bb3 Be7 11. Re1 O-O 12. Bg5 Nbd5 13. Rc1 h6 14. Bh4 Nxc3 15. Rxc3 Bd7 16. Ne5 Rc8 17. Rg3 Bc6 18. Bc2 Qa5 19. Rf1 Rfe8 20. Qc1 Nh5 21. Qxh6 f5 22. Qxe6+ Kh8 23. Qxf5 1-0


[Site "https://www.chess.com"]

[Event "Titled Tuesday Blitz February 01 B 2022"]
[White "Svane, Frederik"]
[Black "Andreikin, Dmitry"]
[WhiteFideId "12923044"]
[BlackFideId "4158814"]
[WhiteElo "2459"]
[BlackElo "2736"]
[Result "0-1"]
[Round "06"]
[TimeControl "180+1"]
[Date "2022.02.01"]
[WhiteClock "0:00:03"]
[BlackClock "0:00:21"]

1. e4 c6 2. d4 d5 3. exd5 cxd5 4. Nf3 Nc6 5. c3 Bf5 6. Qb3 Qd7 7. Bb5 f6 8. O-O e6 9. Re1 Bd6 10. c4 Nge7 11. cxd5 exd5 12. Nc3 O-O-O 13. Bxc6 Nxc6 14. Be3 Kb8 15. Nb5 Na5 16. Qa4 a6 17. Qxa5 Qxb5 18. Qxb5 axb5 19. a3 Rc8 20. Bd2 Be4 21. Bc3 Bxf3 22. gxf3 Rhe8 23. h3 Kc7 24. Kf1 Kd7 25. Rad1 Bxa3 26. Rxe8 Kxe8 27. bxa3 Rxc3 28. Rb1 Kd7 29. Rxb5 Kc6 30. Ra5 Rxf3 31. Rc5+ Kd6 32. Rb5 Rxh3 33. Rxb7 g5 34. a4 h5 35. a5 Ra3 36. Rb6+ Ke7 37. a6 h4 38. Kg2 Kf7 39. Rd6 Kg6 40. Kh2 Ra4 41. Rxd5 Rxa6 42. Kg2 Ra3 43. Rc5 Rd3 44. Rd5 g4 45. Kh2 f5 46. Rd8 Kg5 47. d5 Rd2 48. Kg1 Kf4 49. Ra8 Rxd5 50. Ra3 Rd4 51. Kg2 h3+ 52. Kg1 Rd1+ 53. Kh2 Rd2 54. Ra4+ Kf3 55. Ra3+ Kxf2 56. Rg3 Re2 57. Ra3 Re3 58. Ra2+ Kf3 59. Ra4 Re2+ 60. Kg1 Re1+ 61. Kh2 g3+ 62. Kxh3 Rh1# 0-1


[Site "https://www.chess.com"]

[Event "Titled Tuesday Blitz February 01 B 2022"]
[White "Sviridov, Valery"]
[Black "Garcia Martin, Marta"]
[WhiteFideId "4120680"]
[BlackFideId "32084030"]
[WhiteElo "2454"]
[BlackElo "2102"]
[Result "1-0"]
[Round "06"]
[TimeControl "180+1"]
[Date "2022.02.01"]
[WhiteClock "0:00:52"]
[BlackClock "0:00:03"]

1. Nf3 b6 2. g3 Bb7 3. Bg2 Nf6 4. O-O g6 5. b3 Bg7 6. Bb2 O-O 7. c4 e6 8. d3 d5 9. Nbd2 c5 10. Rc1 Nc6 11. e3 Qe7 12. Qe2 Rfd8 13. a3 Rac8 14. Rfd1 e5 15. cxd5 Nxd5 16. Nc4 b5 17. Ncd2 a6 18. Rc2 Nc7 19. Rdc1 Ne6 20. Ne4 Na5 21. Ned2 Qd6 22. b4 cxb4 23. Rxc8 Rxc8 24. Rxc8+ Bxc8 25. Ne4 Qe7 26. axb4 Nc6 27. Bc3 Nxb4 28. Nxe5 Nd5 29. Bb2 f5 30. Nd2 Bb7 31. h4 Qb4 32. Ndf3 a5 33. h5 a4 34. hxg6 hxg6 35. d4 Ne7 36. Nd3 Qc4 37. Nd2 Qc7 38. Nb4 Bxg2 39. Kxg2 Qb7+ 40. Kg1 Ng5 41. Qf1 Nd5 42. Qg2 Ne4 43. Nxe4 fxe4 44. Qxe4 a3 45. Bxa3 1-0


[Site "https://www.chess.com"]